 Seeded DCSS version 0.31.0-32-g396128a36d (webtiles) character file.

Game seed: 11883663735492499065 (custom seed)

70 Hellmel the Poker (level 4, -7/33 HPs)
             Began as a Demonspawn Gladiator on Apr 9, 2024.
             Mangled by Crazy Yiuf
             ... wielding a +3 quarterstaff of chaos
              (13 damage)
             ... on level 2 of the Dungeon.
             The game lasted 00:02:43 (1955 turns).

Hellmel the Poker (Demonspawn Gladiator)            Turns: 1955, Time: 00:02:43

Health: -7/33      AC:  6    Str: 16    XL:     4   Next: 4%
Magic:  4/4        EV: 12    Int:  9    God:
Gold:   30         SH:  0    Dex: 14    Spells: 3/3 levels left

rFire   . . .        a - +0 trident
rCold   . . .        (no shield)
rNeg    . . .        b - +0 leather armour
rPois   .            c - +0 helmet
rElec   .            (no cloak)
rCorr   .            (no gloves)
SInv    .            (no boots)
Will    .....        (no amulet)
Stlth   +            (no ring)
HPRegen 0.25/turn    (no ring)
MPRegen 0.09/turn

%: no passive effects
@: lethally poisoned (-7 -> -13)
A: yellow scales 1, powered by death 1
a: no special abilities


You were on level 2 of the Dungeon.
You visited 1 branch of the dungeon, and saw 2 of its levels.

You collected 96 gold pieces.
You spent 66 gold pieces at shops.

Inventory:

Hand Weapons
 a - a +0 trident (weapon)
Missiles
 d - 3 throwing nets (quivered)
 e - a javelin
Armour
 b - a +0 leather armour (worn)
 c - a +0 helmet (worn)
Jewellery
 k - a ring of flight
Scrolls
 f - a scroll of revelation {unknown}
 g - 3 scrolls of identify
 h - a scroll of blinking {unknown}
 j - a scroll of torment {unknown}
 n - a scroll of teleportation {unknown}
 o - a scroll of noise {unknown}
 r - a scroll of vulnerability {unknown}
Potions
 i - a potion of lignification {unknown}
 l - a potion of brilliance {unknown}
 m - a potion of resistance {unknown}
 p - a potion of curing {unknown}
 q - a potion of heal wounds {unknown}
 s - a potion of cancellation


   Skills:
 + Level 2.1 Fighting
 + Level 3.6 Polearms
 + Level 1.8 Throwing
 + Level 1.1 Armour
 + Level 3.2 Dodging
 + Level 0.1 Stealth


You had 3 spell levels left.
You didn't know any spells.
Your spell library contained the following spells:

 Spells                   Type           Power      Damage    Failure   Level
 Summon Small Mammal      Summ           0%         N/A       45%         1
 Call Canine Familiar     Summ           0%         N/A       83%         3
 Cause Fear               Hex            0%         N/A       99%         4
 Summon Blazeheart Golem  Fire/Summ      0%         N/A       99%         4
 Fireball                 Conj/Fire      0%         3d3       100%        5
 Dragon's Call            Summ           0%         N/A       100%        9


Dungeon Overview and Level Annotations

Branches:
Dungeon (2/15)

Altars:

Shops:
D:1 (   D:2 *([?*

Annotations:
D:2 Crazy Yiuf


Innate Abilities, Weirdness & Mutations

You are partially covered in yellow scales. (AC +2)
You regenerate a little health from kills.


Message History

Could not explore, unopened runed door.
Could not explore, unopened runed door.
Could not explore, unopened runed door.
You open the door.
Crazy Yiuf screams, "Aardvark agre illywillydillykilly!"
You hit Crazy Yiuf but do no damage. Crazy Yiuf barely misses you.
You hit Crazy Yiuf but do no damage.
Crazy Yiuf hits you with a +3 quarterstaff of chaos.
You are poisoned.
You hit Crazy Yiuf.
Crazy Yiuf is lightly wounded.
You feel very sick.
Crazy Yiuf hits you with a +3 quarterstaff of chaos!
Ouch! That really hurt!
* * * LOW HITPOINT WARNING * * *
You are too injured to fight recklessly!
You are too injured to fight recklessly!
You are too injured to fight recklessly!
You are too injured to fight recklessly!
You are too injured to fight recklessly!
You are too injured to fight recklessly!
You are too injured to fight recklessly!
You are too injured to fight recklessly!
You are too injured to fight recklessly!
You are too injured to fight recklessly!
You are too injured to fight recklessly!
You are too injured to fight recklessly!
You are too injured to fight recklessly!
You are too injured to fight recklessly!
You are too injured to fight recklessly!
You are too injured to fight recklessly!
You are too injured to fight recklessly!
You are too injured to fight recklessly!
You are too injured to fight recklessly!
It was a potion of cancellation.
You feel magically purged.
* * * LOW HITPOINT WARNING * * *
You feel sick.
Crazy Yiuf cries, "You leg down broken song, no?"
Crazy Yiuf hits you with a +3 quarterstaff of chaos!
You die...

#.#####.##.#.##..##..............
...........##############..#)####
#.###......# #........... #.#
#......# ##### ####..#..### ..#
#.#.##.# #..)# #.#..#..# #.#
#......# #...# #.#..#..#
#.###.#.##.# ... ##.#..#..###
#.....#.##.# #g# #...........
#.##.......# ##@# ##....#..##.
#...)....#.# #.## #....#..##.
...........# ##.# ##.......##.
#..∩.....#.# #.## #.....†.....
#..#..####.# ##.## #.....PP....
#..#..####.# #...## #.....P∩....
#..#.....<.# #....# #.....PPP...
...#.......# #....# #...#.......
......########....####...#.####..


You could see Crazy Yiuf.

Vanquished Creatures
  2 adders (D:2)
  4 bats
  8 endoplasms
  2 giant cockroaches
  3 goblins
  7 hobgoblins
  2 jackals (D:1)
  4 quokkas
  A ball python (D:1)
  2 frilled lizards (D:2)
  5 kobolds (D:1)
  4 rats
44 creatures vanquished.

Notes
Turn   | Place    | Note
-------+----------+-------------------------------------------
     0 | D:1      | Hellmel the Demonspawn Gladiator began the quest for the
                  | Orb.
     0 | D:1      | Reached XP level 1. HP: 16/16 MP: 1/1
   151 | D:1      | Gained mutation: You are partially covered in yellow
                  | scales. (AC +2) [demonic ancestry]
   151 | D:1      | Reached XP level 2. HP: 9/22 MP: 2/2
   269 | D:1      | Found Gehoalez's Weapon Shoppe.
   814 | D:1      | Gained mutation: You regenerate a little health from kills.
                  | [demonic ancestry]
   814 | D:1      | Reached XP level 3. HP: 27/27 MP: 3/3
  1019 | D:2      | Found Salona's General Store.
  1023 | D:2      | Bought a scroll of identify for 24 gold pieces
  1213 | D:2      | Reached skill level 1 in Armour
  1221 | D:2      | Found Suttuoso's Armour Boutique.
  1288 | D:2      | Found Vebemp's Assorted Antiques.
  1302 | D:2      | Bought a scroll labelled EMIEQAW VAOLIPS for 21 gold pieces
  1302 | D:2      | Bought a scroll labelled RYAFIHIVOTS for 21 gold pieces
  1389 | D:2      | Found a runed translucent door.
  1390 | D:2      | Noticed Crazy Yiuf
  1641 | D:2      | Found Haekhegu's Weapon Emporium.
  1655 | D:2      | Reached XP level 4. HP: 24/33 MP: 4/4
  1823 | D:2      | Found Rarus's Magic Scroll Shoppe.
  1955 | D:2      | Mangled by Crazy Yiuf

Illustrated notes

Levels and vault maps discovered:
D:1:      heliophobic_arrival_henge, layout_basic, serial_shops, shop,
          chequers_mini_garden, minmay_tetromino_i4
D:2:      layout_basic, serial_shops, nicolae_diamond_shop,
          nicolae_shop_rolled_up, nicolae_shop_overgrown_old_shop, shop,
          nicolae_shop_getting_attention, nicolae_figureground_sparkle,
          uniq_crazy_yiuf_cottage

Skill      XL: |  1  2  3 |
---------------+----------+-----
Dodging        | 3 |  3.2
Polearms       | 3 |  3.6
Armour         | 1 |  1.1
Fighting       | |  2.1
Throwing       | |  1.8
Stealth        | |  0.1

Action                     |  1- 3 |  4- 6 || total
---------------------------+-------+-------++-------
  Melee: Trident           |   144 |     3 ||   147
         Punch             |     1 |       ||     1
    Use: Potion            |       |     1 ||     1
   Stab: Sleeping          |     3 |       ||     3
 Armour: Leather armour    |    72 |     3 ||    75
  Dodge: Dodged            |    83 |     1 ||    84
